AoeStats
← MattAtArms

Arabia

507532822Analyzed
1v1 RM · 14d ago on Sep 18, 2026· 20m 21s· 2 players
Game mode
Random Map
Map size
Tiny (2 player)
Population
200
Speed
Normal
Resources
Standard
Victory
Conquest
Starting age
Dark Age
Ending age
Imperial Age
RankedLock teamsTeams togetherTeam positionsShared explorationLock speedFull tech treeHidden civsTurbo modeCheats
Victory
Defeat
🇬🇧 Malians · United Kingdom
1905
+15
🇪🇸 Byzantines · Spain
1878
-15
Crom
6:35 Loom
9:01 Feudal Age
9:54 Double-Bit Axe
11:05 Horse Collar
16:04 Wheelbarrow
17:15 Fletching
22:04 Castle Age
20:07 Padded Archer Armor
MattAtArms
6:03 Loom
9:12 Feudal Age
9:18 Man-at-Arms
9:44 Double-Bit Axe
18:52 Castle Age
17:12 Gold Mining
17:52 Padded Archer Armor
17:42 Fletching
18:24 Scale Barding Armor
19:19 Bloodlines
19:09 Crossbowman
19:47 Bodkin Arrow
Connection lost

Rejoining the realm…

Still unreachable

The connection could not be restored.

Session expired

The server has moved on; the page needs a fresh start.